 Dungeon Crawl Stone Soup version 0.20.1-1-g8b1a95d (webtiles) character file.

2044 Kingsmith the Conjurer (level 9, -4/57 HPs)
             Began as a Mummy Fire Elementalist on Dec 8, 2017.
             Was an Initiate of Vehumet.
             Slain by a wyvern (9 damage)
             ... on level 8 of the Dungeon.
             The game lasted 00:22:12 (7727 turns).

Kingsmith the Conjurer (Mummy Fire Elementalist)    Turns: 7727, Time: 00:22:13

Health: -4/57      AC:  5    Str:  8    XL:     9   Next: 4%
Magic:  6/14       EV: 12    Int: 17    God:    Vehumet [......]
Gold:   299        SH:  0    Dex: 13    Spells: 3/15 levels left

rFire    . . .     SeeInvis +   g - +3 whip (venom)
rCold    + . .     Gourm    .   (no shield)
rNeg     + + +     Faith    .   a - +0 robe
rPois    ∞         Spirit   .   i - +1 helmet {SInv}
rElec    .         Reflect  .   o - +0 cloak
rCorr    .         Harm     .   (no gloves)
MR       +....                  (no boots)
Stlth    ++........             j - amulet of magic regeneration
Regen    0.2/turn               k - ring of protection from fire
MPRegen  0.3/turn               p - -3 ring of strength (curse)

@: no status effects
A: no food or potions, fire vulnerability, cold resistance 1, negative energy
resistance 3, torment resistance, unbreathing
a: Renounce Religion


You were on level 8 of the Dungeon.
You worshipped Vehumet.
Vehumet was noncommittal.
You were not hungry.

You visited 2 branches of the dungeon, and saw 10 of its levels.

You collected 299 gold pieces.

Inventory:

Hand Weapons
 g - a +3 whip of venom (weapon)
Armour
 a - a +0 robe (worn)
 i - a +1 helmet of see invisible (worn)
 o - a +0 cloak (worn)
Jewellery
 j - an amulet of magic regeneration (around neck)
 k - a ring of protection from fire (left hand)
 p - a cursed -3 ring of strength (right hand)
Wands
 n - a wand of confusion (31/48)
 t - a wand of acid (1/15)
 u - a wand of polymorph (13/24)
 v - a wand of enslavement (14/24)
Scrolls
 c - 3 scrolls of teleportation
 d - 8 scrolls of remove curse
 f - 2 scrolls of amnesia
 h - 3 scrolls of fog
 l - 4 scrolls of immolation
 q - a scroll of vulnerability
 r - a scroll of blinking {unknown}
 s - a scroll of enchant weapon
Books
 b - a book of Flames

   Spells                             Type                      Level
   a - Flame Tongue                   Conjuration/Fire             1
   b - Throw Flame                    Conjuration/Fire             2
   c - Conjure Flame                  Conjuration/Fire             3
   d - Inner Flame                    Hexes/Fire                   3
   e - Sticky Flame                   Conjuration/Fire             4
   f - Fireball                       Conjuration/Fire             5
 e - a book of Minor Magic

   Spells                             Type                      Level
   a - Magic Dart                     Conjuration                  1
   b - Blink                          Translocation                2
   c - Call Imp                       Summoning                    2
   d - Slow                           Hexes                        2
   e - Conjure Flame                  Conjuration/Fire             3
   f - Mephitic Cloud                 Conjuration/Poison/Air       3
 m - a book of Maledictions

   Spells                             Type                      Level
   a - Corona                         Hexes                        1
   b - Ensorcelled Hibernation        Hexes/Ice                    2
   c - Confuse                        Hexes                        3
   d - Tukima's Dance                 Hexes                        3
   e - Dazzling Spray                 Conjuration/Hexes            3


   Skills:
 - Level 1.5 Dodging
 - Level 1.5 Stealth
 - Level 3.6 Spellcasting
 - Level 6.1 Conjurations
 + Level 4.6 Translocations
 - Level 4.1 Fire Magic
 - Level 3.1 Air Magic
 - Level 3.0 Poison Magic


You had 3 spell levels left.
You knew the following spells:

 Your Spells              Type           Power        Failure   Level  Hunger
a - Magic Dart            Conj           ###.         1%          1    N/A
b - Flame Tongue          Conj/Fire      ###..        1%          1    N/A
c - Throw Flame           Conj/Fire      ###...       3%          2    N/A
d - Conjure Flame         Conj/Fire      ###.....     6%          3    N/A
e - Mephitic Cloud        Conj/Pois/Air  ###.....     9%          3    N/A
f - Blink                 Tloc           N/A          3%          2    N/A

Dungeon Overview and Level Annotations

Branches:
Dungeon (9/15)             Temple (1/1) D:4
   Lair: D:8-11         Orc: D:9-12

Altars:
Ashenzari
Cheibriados
Dithmenos
Elyvilon
Fedhas
Gozag
Hepliaklqana
Kikubaaqudgha
Makhleb
Nemelex Xobeh
Okawaru
Qazlal
Ru
Sif Muna
Trog
Uskayaw
Vehumet
Xom
Yredelemnul
Zin
The Shining One

Annotations:
D:7 Anon1729's ghost, novice BaEE
D:9 Erica


Innate Abilities, Weirdness & Mutations

You do not eat or drink.
Your flesh is vulnerable to fire.
You are immune to poison.
Your flesh is cold resistant. (rC+)
You are immune to negative energy. (rN+++)
You are immune to unholy pain and torment.
You can survive without breathing.


Message History

The centaur skeleton barely misses you.
You hit the centaur skeleton.
The centaur skeleton is heavily damaged.
The centaur skeleton barely misses you.
The wyvern is engulfed in noxious fumes.
The wyvern appears confused.
You hit the centaur skeleton.
The centaur skeleton is severely damaged.
The centaur skeleton hits you. The wyvern barely misses you.
The centaur skeleton hits you!
* * * LOW HITPOINT WARNING * * *
You hit the centaur skeleton.
The centaur skeleton is severely damaged.
The centaur skeleton hits you but does no damage.
You hit the centaur skeleton.
The centaur skeleton is almost destroyed.
The centaur skeleton hits you!
* * * LOW HITPOINT WARNING * * *
The wyvern bites you!
You die...

# ##..........# h..#...
#..........# .....
##.........# .h..
#.........# ..# #.........#
##h# ### ##.#.<....# ##.#
..### #..#.....# ####†.#
....## #..##....#####....##
.....####..##...@l.††###..#
.).....##......Z######
##..# ........#...#####
#... #.........### .....
#.........## .....
##.........## ....
###......[.# ...
###........(##
#..###......>#


You could see a wyvern (confused) and a centaur skeleton.

Vanquished Creatures
  Eustachio (D:5)
  A yak (D:8)
  Sigmund (D:5)
  Edmund (D:4)
  A sky beast (D:9)
  An ice beast (D:3)
  A black bear (D:6)
  3 wolves (D:8)
  An ogre (D:4)
  3 centaurs
  A big kobold (D:8)
  Blork the orc (D:5)
  2 howler monkeys
  A crimson imp (D:6)
  A jelly (D:5)
  An orc priest (D:7)
  A hound (D:9)
  A centaur skeleton (D:9)
  Jessica (D:3)
  2 bullfrog skeletons
  2 worker ants
  An orc wizard (D:7)
  A hound zombie (D:8)
  7 adders
  2 worms
  2 dart slugs (D:1)
  5 leopard geckos
  3 orcs
  3 ball pythons
  14 bats
  5 giant cockroaches
  13 goblins
  9 hobgoblins
  A jackal (D:5)
  2 quokkas
  8 frilled lizards
  12 kobolds
  6 rats
122 creatures vanquished.

Notes
Turn   | Place    | Note
-------+----------+-------------------------------------------
     0 | D:1      | Kingsmith the Mummy Fire Elementalist began the quest for the Orb.
     0 | D:1      | Reached XP level 1. HP: 13/13 MP: 4/4
   203 | D:1      | Reached XP level 2. HP: 19/19 MP: 3/5
   304 | D:1      | Learned a level 2 spell: Throw Flame
   630 | D:1      | Reached XP level 3. HP: 18/24 MP: 7/7
   888 | D:1      | Learned a level 3 spell: Conjure Flame
  1386 | D:2      | Reached XP level 4. HP: 23/30 MP: 8/8
  1703 | D:2      | Reached skill level 1 in Conjurations
  2046 | D:3      | Noticed an ice beast
  2077 | D:3      | Killed an ice beast
  2077 | D:3      | Reached skill level 2 in Conjurations
  2077 | D:3      | Reached XP level 5. HP: 28/35 MP: 0/9
  2132 | D:3      | Learned a level 1 spell: Magic Dart
  2143 | D:3      | Reached skill level 3 in Conjurations
  2396 | D:3      | Noticed Jessica
  2402 | D:3      | Killed Jessica
  2864 | D:4      | Noticed Edmund
  2907 | D:4      | Noticed an ogre
  3184 | D:3      | Learned a level 3 spell: Mephitic Cloud
  3533 | D:5      | Entered Level 5 of the Dungeon
  3691 | D:5      | Reached XP level 6. HP: 41/41 MP: 4/11
  3732 | D:5      | Learned a level 2 spell: Blink
  3828 | D:5      | Found a sparkling altar of Nemelex Xobeh.
  3912 | D:5      | Noticed Sigmund
  3923 | D:5      | Killed Sigmund
  3923 | D:5      | Reached skill level 1 in Air Magic
  3923 | D:5      | Reached skill level 1 in Poison Magic
  4381 | D:5      | Noticed Blork the orc
  4476 | D:4      | Reached XP level 7. HP: 33/46 MP: 2/12
  4639 | D:4      | Killed Edmund
  4911 | D:4      | Found a staircase to the Ecumenical Temple.
  4933 | Temple   | Entered the Ecumenical Temple
  5225 | Temple   | Became a worshipper of Vehumet
  5456 | D:5      | Noticed Eustachio
  5477 | D:5      | Killed Eustachio
  5477 | D:5      | Reached skill level 4 in Conjurations
  5538 | D:5      | Killed Blork the orc
  5868 | D:6      | Reached XP level 8. HP: 52/52 MP: 6/13
  5986 | D:6      | Reached skill level 5 in Conjurations
  6195 | D:6      | You fall through a shaft for 3 floors!
  6207 | D:9      | Noticed Erica
  6579 | D:9      | Reached skill level 6 in Conjurations
  7109 | D:8      | Reached skill level 1 in Translocations
  7351 | D:7      | Noticed Anon1729's ghost (novice BaEE)
  7647 | D:8      | Noticed a two-headed ogre
  7711 | D:8      | Reached XP level 9. HP: 23/57 MP: 9/14
  7727 | D:8      | Slain by a wyvern

Skill      XL: |  1  2  3  4  5  6  7  8 |
---------------+-------------------------+-----
Fire Magic     | 3 4 |  4.1
Conjurations   | 2 3 4 6 |  6.1
Spellcasting   | 3 |  3.6
Air Magic      | 2 3 |  3.1
Poison Magic   | 2 3 |  3.0
Translocations | 4 |  4.6
Dodging        | |  1.5
Stealth        | |  1.5

Action                   |  1- 3 |  4- 6 |  7- 9 || total
-------------------------+-------+-------+-------++-------
Melee: Unarmed           |     3 |       |       ||     3
       Dagger            |    26 |       |       ||    26
       Whip              |    66 |    32 |   110 ||   208
 Cast: Flame Tongue      |    25 |    27 |    15 ||    67
       Throw Flame       |     1 |     6 |       ||     7
       Magic Dart        |       |    75 |    59 ||   134
       Conjure Flame     |       |     4 |     1 ||     5
       Mephitic Cloud    |       |       |    21 ||    21
  Use: Scroll            |       |     5 |     5 ||    10
 Stab: Sleeping          |     1 |     2 |       ||     3
       Confused          |       |       |     7 ||     7
Armor: Robe              |    32 |    15 |    30 ||    77
Dodge: Dodged            |    88 |    52 |    91 ||   231
